 Dungeon Crawl Stone Soup version 0.30.1-4-g462c640d31 (webtiles) character file.

Game seed: 5822782600683605112

1740427 Oddbjorg the Formicid Barricade (level 27, 229/229 (238) HPs)
             Began as a Formicid Reaver on Aug 16, 2023.
             Was a High Priest of Cheibriados.
             Escaped with the Orb
             ... and 3 runes!
             The game lasted 05:09:47 (70891 turns).

Oddbjorg the Formicid Barricade (Formicid Reaver)  Turns: 70891, Time: 05:09:48

HP:   229/229 (238) AC: 43    Str: 44    XL:     27
MP:   40/40         EV: 10    Int: 30    God:    Cheibriados [*****.]
Gold: 6527          SH: 32    Dex: 28    Spells: 29/30 levels left

rFire   + + +        Z - +8 bardiche (freeze)
rCold   + + +        E - +3 tower shield {rC+}
rNeg    . . .        h - +3 gold dragon scales
rPois   +            (helmet unavailable)
rElec   +            Q - +2 cloak {rCorr}
rCorr   +            H - +1 pair of gloves of Compassion {rC++}
SInv    +            l - +0 pair of boots of Boredom {rElec Int+4}
Will    ++...        M - amulet of Resiag {Regen+ Dex+3} Stlth
                     G - ring "Ingoewui" {rF+ AC+4}
HPRegen 1.38/turn    d - ring of protection from fire
MPRegen 0.27/turn

%: no passive effects
@: studying 2 skills, lightly drained, very slow
A: permanent stasis, dig shafts and tunnels, antennae 3, four strong arms,
subdued magic 2, inability to drink after injury 1
0: Orb of Zot
}: 3/15 runes: decaying, serpentine, slimy
a: Dig, Shaft Self, Renounce Religion, Bend Time, Temporal Distortion, Slouch,
Step From Time


You escaped.
You worshipped Cheibriados.
Cheibriados was extremely pleased with you.
You visited 12 branches of the dungeon, and saw 55 of its levels.
You visited 1 bazaar.
You also visited: Ice Cave, Wizlab and Desolation.

You collected 10584 gold pieces.
You spent 4057 gold pieces at shops.

Inventory:

Hand Weapons
 a - a +9 bardiche of flaming
 b - the +8 trishula "Condemnation" {holy, anguish, *Noise Fly rN+}
   (You bought it in a shop in a bazaar)

   rN:        It protects you from negative energy.
   Fly:       It grants you flight.
   *Noise:    It may make noises in combat.
 Z - a +8 bardiche of freezing (weapon)
Missiles
 f - 110 poisoned darts (quivered)
 m - 8 curare-tipped darts
 T - 2 throwing nets
Armour
 h - +3 gold dragon scales (worn)
 l - the +0 pair of boots of Boredom (worn) {rElec Int+4}
   (You found it on level 2 of the Dungeon)

   Int:       It affects your intelligence (+4).
   rElec:     It insulates you from electricity.
 r - a scarf of resistance
 E - a +3 tower shield of cold resistance (worn)
 H - the +1 pair of gloves of Compassion (worn) {rC++}
   (You found it on level 1 of the Realm of Zot)

   rC:        It greatly protects you from cold.
 Q - a +2 cloak of preservation (worn)
Jewellery
 d - a ring of protection from fire (right hand)
 j - a ring of willpower
 y - the necklace of Bloodlust {Fury *Rage Will++ Int-3 Slay+6}
   (You took it off a yaktaur on level 1 of the Vaults)

   [amulet of nothing]

   Fury:      It extends the wearer's berserk rage when killing foes.
   Int:       It affects your intelligence (-3).
   Slay:      It affects your accuracy & damage with ranged weapons and melee
   (+6).
   *Rage:     It berserks you when you make melee attacks (+50% chance).
   Will:      It greatly increases your willpower.
 B - a ring of protection from cold
 G - the ring "Ingoewui" (left hand) {rF+ AC+4}
   (You found it in the Desolation of Salt)

   [ring of protection]

   AC:        It affects your AC (+4).
   rF:        It protects you from fire.
 J - the amulet "Gaxyav" {Reflect Str+5 SH+5}
   (You found it in the Desolation of Salt)

   [amulet of reflection]

   It reflects blocked missile attacks.
   Str:       It affects your strength (+5).
   SH:        It affects your SH (+5).
 M - the amulet of Resiag (around neck) {Regen+ Dex+3}
   (You found it on level 3 of the Crypt)

   [amulet of regeneration]

   Dex:       It affects your dexterity (+3).
   Regen:     It increases your rate of health regeneration.
 V - a ring of positive energy
Wands
 s - a wand of mindburst (35)
 w - a wand of flame (141)
 N - a wand of digging (9)
 P - a wand of charming (58)
 U - a wand of light (7)
 W - a wand of polymorph (15)
 X - a wand of iceblast (51)
Scrolls
 c - 2 scrolls of magic mapping
 e - 7 scrolls of fear
 g - 2 scrolls of fog
 n - 4 scrolls of butterflies
 u - 7 scrolls of poison
 x - 4 scrolls of torment
 D - 3 scrolls of silence
Potions
 i - 10 potions of brilliance
 o - 4 potions of attraction
 p - 3 potions of mutation
 q - 23 potions of curing
 t - 8 potions of resistance
 v - 4 potions of magic
 z - 5 potions of cancellation
 A - 4 potions of ambrosia
 C - 11 potions of flight
 F - 6 potions of invisibility
 I - 7 potions of might
 O - 3 potions of heal wounds
Miscellaneous
 k - a phantom mirror
 L - a phial of floods


   Skills:
 + Level 24.0 Fighting
 + Level 26.4 Polearms
 O Level 27 Armour
 - Level 1.7 Dodging
 O Level 27 Shields
 - Level 2.1 Spellcasting
 - Level 2.6 Conjurations
 - Level 3.0 Necromancy
 O Level 27 Invocations
 - Level 1.0 Evocations


You had 29 spell levels left.
You knew the following spells:

 Your Spells              Type           Power      Damage    Failure   Level
a - Kiss of Death         Conj/Necr      48%        2d9       4%          1

Your spell library contained the following spells:

 Spells                   Type           Power      Damage    Failure   Level
 Necrotise                Necr           52%        1d6       4%          1
 Magic Dart               Conj           48%        1d5       5%          1
 Sublimation of Blood     Necr           13%        N/A       7%          2
 Shock                    Conj/Air       28%        1d4       10%         1
 Momentum Strike          Conj/Tloc      14%        3d8       16%         2
 Vampiric Draining        Necr           13%        2d6       16%         3
 Apportation              Tloc           4%         N/A       19%         1
 Beastly Appendage        Tmut           4%         N/A       19%         1
 Slow                     Hex            8%         N/A       19%         1
 Sting                    Tmut/Pois      8%         1d3       19%         1
 Summon Small Mammal      Summ           8%         N/A       19%         1
 Cigotuvi's Dreadful Rot  Necr/Pois/Air  10%        N/A       19%         2
 Call Imp                 Summ           4%         N/A       28%         2
 Ensorcelled Hibernation  Hex/Ice        4%         N/A       28%         2
 Lesser Beckoning         Tloc           4%         N/A       28%         2
 Passwall                 Tmut/Erth      1%         N/A       28%         2
 Poisonous Vapours        Pois/Air       4%         N/A       28%         2
 Wereblood                Tmut           2%         N/A       28%         2
 Dazzling Flash           Conj/Hex       14%        N/A       32%         3
 Hailstorm                Conj/Ice       7%         3d4       32%         3
 Stone Arrow              Conj/Erth      14%        3d7       32%         3
 Mephitic Cloud           Conj/Pois/Air  5%         N/A       36%         3
 Call Canine Familiar     Summ           2%         N/A       50%         3
 Confusing Touch          Hex            2%         N/A       50%         3
 Frozen Ramparts          Ice            4%         1d1       50%         3
 Gell's Gravitas          Tloc           2%         N/A       50%         3
 Ignite Poison            Fire/Tmut/Pois 2%         N/A       50%         3
 Inner Flame              Hex/Fire       2%         N/A       50%         3
 Ozocubu's Armour         Ice            2%         N/A       50%         3
 Portal Projectile        Hex/Tloc       4%         N/A       50%         3
 Spider Form              Tmut/Pois      2%         N/A       50%         3
 Summon Guardian Golem    Hex/Summ       2%         N/A       50%         3
 Teleport Other           Tloc           2%         N/A       50%         3
 Animate Dead             Necr           13%        N/A       50%         4
 Dispel Undead            Necr           13%        3d9       50%         4
 Anguish                  Hex/Necr       3%         N/A       73%         4
 Iskenderun's Mystic Bla  Conj/Tloc      7%         2d4       75%         4
 Agony                    Necr           13%        N/A       86%         5
 Iskenderun's Battlesphe  Conj           12%        2d7       89%         5
 Airstrike                Air            1%         2d(1-17)  90%         4
 Animate Armour           Summ/Erth      4%         N/A       90%         4
 Cause Fear               Hex            1%         N/A       90%         4
 Ice Form                 Ice/Tmut       2%         N/A       90%         4
 Manifold Assault         Tloc           2%         N/A       90%         4
 Olgreb's Toxic Radiance  Pois           2%         N/A       90%         4
 Passage of Golubria      Tloc           2%         N/A       90%         4
 Petrify                  Tmut/Erth      2%         N/A       90%         4
 Summon Ice Beast         Ice/Summ       2%         N/A       90%         4
 Summon Lightning Spire   Summ/Air       2%         N/A       90%         4
 Borgnjor's Vile Clutch   Necr/Erth      3%         N/A       97%         5
 Irradiate                Conj/Tmut      3%         3d12      98%         5
 Alistair's Intoxication  Tmut/Pois      1%         N/A       99%         5
 Blade Hands              Tmut           1%         N/A       99%         5
 Freezing Cloud           Conj/Ice/Air   2%         6-21      99%         5
 Metabolic Englaciation   Hex/Ice        1%         N/A       99%         5
 Silence                  Hex/Air        1%         N/A       99%         5
 Summon Forest            Summ/Tloc      1%         N/A       99%         5
 Summon Mana Viper        Hex/Summ       2%         N/A       99%         5
 Yara's Violent Unravell  Hex/Tmut       1%         3d3       99%         5
 Conjure Ball Lightning   Conj/Air       3%         3x3d6     100%        6
 Death Channel            Necr           6%         N/A       100%        6
 Dispersal                Tloc           1%         N/A       100%        6
 Eringya's Noxious Bog    Tmut/Pois      1%         N/A       100%        6
 Iron Shot                Conj/Erth      3%         9d2       100%        6
 Simulacrum               Ice/Necr       3%         N/A       100%        6
 Starburst                Conj/Fire      3%         6d3       100%        6
 Statue Form              Tmut/Erth      1%         N/A       100%        6
 Summon Cactus Giant      Summ           1%         N/A       100%        6
 Dragon Form              Tmut           1%         N/A       100%        7
 Enfeeble                 Hex            1%         N/A       100%        7
 Malign Gateway           Summ/Tloc      1%         N/A       100%        7
 Orb of Destruction       Conj           6%         9d6       100%        7
 Spellforged Servitor     Conj/Summ      3%         N/A       100%        7
 Storm Form               Tmut/Air       1%         N/A       100%        7
 Summon Hydra             Summ           1%         N/A       100%        7
 Disjunction              Tloc           1%         N/A       100%        8
 Lehudib's Crystal Spear  Conj/Erth      3%         10d3      100%        8
 Maxwell's Capacitive Co  Air            1%         ∞         100%        8
 Death's Door             Necr           6%         N/A       100%        9
 Polar Vortex             Ice            1%         N/A       100%        9
 Blink                    Tloc           Unusable   N/A       N/A         2
 Swiftness                Air            Unusable   N/A       N/A         3

Dungeon Overview and Level Annotations

Branches:
Dungeon (15/15)            Temple (1/1) D:4            Lair (5/5) D:10
  Swamp (4/4) Lair:2        Snake (4/4) Lair:3        Slime (5/5) Lair:4
    Orc (2/2) D:9             Elf (3/3) Orc:2        Vaults (4/5) D:13
  Crypt (3/3) Vaults:3       Tomb (0/3) Crypt:3      Depths (4/4) D:15
    Zot (5/5) Depths:4      IceCv (visited)          WizLab (visited)
Desolation (visited)

Altars:
Ashenzari
Cheibriados
Dithmenos
Elyvilon
Fedhas
Gozag
Hepliaklqana
Kikubaaqudgha
Makhleb
Nemelex Xobeh
Okawaru
Qazlal
Ru
Sif Muna
Trog
Uskayaw
Vehumet
Wu Jian
Xom
Yredelemnul
Zin
The Shining One
Jiyva
Lugonu

Shops:
D:2 ?(((   D:4 (   D:12 [   D:15 *   Orc:1 (   Orc:2 =**?[*[!!   Elf:1 (*
Snake:3 ?!:(   Vaults:1 (   Vaults:3 *   Depths:2 :==   Depths:4 *

Portals:
Hell: Depths:1 Depths:2 Depths:3 Depths:4
Abyss: Swamp:4 Depths:1 Depths:2 Depths:3 Depths:4
Pandemonium: Depths:2 Depths:3
Ziggurat: Depths:2


Innate Abilities, Weirdness & Mutations

You cannot be hasted, slowed, berserked, paralysed or teleported.
You can dig through walls and to a lower floor.
You have a pair of large antennae on your head. (SInv)
Your four strong arms can wield two-handed weapons with a shield.
Your spells are easier to cast, but less powerful.
You occasionally lose the ability to drink potions when taking damage.


Message History

You start resting.
A blizzard demon comes into view.
You climb upwards.
There is a stone staircase leading down here.
(D) Dungeon (T) Temple (L) Lair (S) Swamp (P) Snake Pit (M) Slime Pits (O) Orcish Mines (E) Elven Halls (V) Vaults (C) Crypt (W) Tomb (U) Depths (H) Hell (Z) Zot
Where to? (Enter - D:1 @ (x,y), ? - help)
There is a stone staircase leading up here.
You climb upwards.
There is a stone staircase leading down here.
HP restored.
Your amulet of Resiag attunes itself to your body as you begin to regenerate more quickly.
There is a stone staircase leading up here.
You climb upwards.
There is a stone staircase leading down here.
You sense a monster nearby.
(D) Dungeon (T) Temple (L) Lair (S) Swamp (P) Snake Pit (M) Slime Pits (O) Orcish Mines (E) Elven Halls (V) Vaults (C) Crypt (W) Tomb (U) Depths (H) Hell (Z) Zot
Where to? (Enter - D:1 @ (x,y), ? - help)
There is a stone staircase leading up here.
You climb upwards.
There is a stone staircase leading down here.
There is a stone staircase leading up here.
You climb upwards.
There is a stone staircase leading down here.
There is an open door here.
Things that are here:
a +0 robe; a +0 scythe
There is an open door here.
There is a stone staircase leading up here.
You climb upwards.
There is a stone staircase leading down here.
You open the door.
There is an open door here.
There is a staircase leading out of the dungeon here.
You have escaped!

.#.# #..# ##.#.# .#.######
####'#### #..## .#......#
##PP#.#PP## #..# .#.####.#
##P.P#.#~~P## #..#
...####.###P.PP#.#~~~P##
#..#
...÷....##P....#.#~~~~P#
#..#
...####.##PP...#.#~~~~P#
#..## .#.#
#.########.########## #....
.#.# #..'......@......'..#
###.# ...#
##########.########.####...
.###
#P~~~1#.#..P.P##........ .#
#P~~~~#.#...PP##.####... .#
####P~~~#.#P.PP###.#####.#
.#
#..##P~~#.#.PP###..)......
.#
#.####PP#.#PP####..#######
.#
###.#######'####.......##
#. .#####.......#
#.............####


You could see a Brimstone Fiend.

Vanquished Creatures
  the Royal Jelly (Slime:5)
  2 dread liches (Zot:1)
  The ghost of Gadrel the Cryomancer, a legendary OpSu of Gozag (Zot:1)
  4 orbs of fire (Zot:5)
  Mennas (Vaults:3)
  2 ancient liches
  Mara (Depths:3)
  Josephina (Depths:2)
  Sojobo (Crypt:2)
  Boris (Depths:3)
  A royal mummy (Crypt:3)
  Vashnia (Snake:2)
  10 Killer Klowns
  Saint Roka (Depths:4)
  5 curse toes
  20 golden dragons
  The ghost of Karoneja the Marksmeteoran, an adept MeHs of Ashenzari (Zot:4)
  the Enchantress (Depths:1)
  Jory (Crypt:2)
  A bone dragon (Crypt:3)
  6 electric golems
  Zenata (Crypt:3)
  Mlioglotl (Snake:2)
  An Ice Fiend (D:7)
  Asterion (Depths:2)
  3 liches
  A walking crystal tome (Depths:3)
  26 Orb Guardians
  2 titans
  17 tentacled monstrosities
  A walking earthen tome (Depths:3)
  17 quicksilver dragons
  2 deep elf blademasters
  A deep elf master archer (Elf:3)
  6 sphinxes
  2 Executioners
  22 acid blobs
  Frances (Snake:2)
  15 death cobs
  8 ancient champions (Crypt:3)
  14 storm dragons
  18 draconian monks
  5 tengu reavers
  3 revenants
  4 nagarajas
  8 rockslimes
  10 shadow dragons
  11 draconian knights
  7 azure jellies (Slime:5)
  2 thorn hunters
  Donald (Snake:2)
  8 fire giants
  7 frost giants
  9 deep elf sorcerers
  8 draconian scorchers
  An iron dragon (Depths:2)
  An imperial myrmidon (Desolation)
  8 vault wardens
  9 draconian shifters
  Aizul (Snake:1)
  2 curse skulls
  6 ghouls
  16 draconian annihilators
  19 ironbound preservers
  2 deep elf elementalists (Elf:3)
  4 orc warlords
  7 quicksilver oozes
  2 ghost moths
  4 spriggan defenders
  6 stone giants
  2 war gargoyles (Vaults:4)
  8 draconian stormcallers
  13 vampire knights
  A caustic shrike skeleton (Crypt:3)
  2 reapers
  20 green draconians
  36 very ugly things
  5 ironbound thunderhulks
  A demonspawn black sun (D:11)
  3 deep elf demonologists
  Nessos (D:12)
  A lorocyproca (D:11)
  Azrael (D:12)
  3 halazid warlocks (Desolation)
  28 black draconians
  6 deep elf annihilators (Elf:3)
  3 eleionomae
  10 red draconians
  20 white draconians
  A bunyip (shapeshifter) (Depths:4)
  26 yellow draconians
  10 spark wasps
  35 purple draconians
  7 bunyips
  20 dire elephants
  An orange crystal statue (WizLab)
  The ghost of croobank the Covert, a journeyman OpDe of Gozag (Lair:1)
  3 crystal guardians (Desolation)
  5 deep elf death magi
  An eidolon (Crypt:1)
  7 ettins
  11 fire dragons
  12 jiangshi
  A shambling mangrove (Swamp:3)
  5 servants of whispers (Desolation)
  A fenstrider witch zombie (Crypt:3)
  4 ragged hierophants (Desolation)
  10 great orbs of eyes
  10 yaktaur captains
  3 deep elf high priests (Elf:3)
  3 salamander tyrants (Snake:4)
  13 hydras
  7 vault guards
  A caustic shrike simulacrum (Depths:2)
  Erolcha (D:12)
  A quicksilver dragon skeleton (Crypt:1)
  8 spriggan air magi
  12 ice dragons
  4 ghost crabs
  6 catoblepae
  6 peacekeepers
  2 rakshasas
  2 spriggan skeletons
  An ogre mage (D:13)
  A bennu zombie (Crypt:3)
  A satyr (shapeshifter) (Vaults:2)
  4 tengu warriors
  13 ironbound frosthearts
  30 dancing weapons
  19 death yaks
  4 anacondas
  A deep troll shaman (Lair:5)
  6 two-headed ogres
  8 boulder beetles
  7 centaur warriors
  3 alligators
  19 naga warriors
  11 vampire magi
  3 deep troll earth magi
  7 spriggan berserkers
  The ghost of BillyBaka the Covert, a journeyman SpHu of Gozag (Lair:2)
  23 naga sharpshooters
  4 orc high priests (Orc:2)
  5 shock serpents
  A bennu skeleton (Crypt:1)
  10 hell knights
  20 deep elf knights
  2 soul eaters
  2 sun demons
  12 spriggans
  A skyshark (Lair:1)
  An emperor scorpion zombie (Crypt:2)
  A fire crab (Lair:5)
  3 salamander mystics
  A sixfirhy (Depths:2)
  A bunyip zombie (Crypt:1)
  16 skeletal warriors
  5 goliath frogs
  3 shadow wraiths (Crypt:3)
  3 iron trolls
  4 sea snakes (Snake:3)
  46 deep trolls
  2 death drakes (Depths:4)
  5 spriggan druids
  9 lindwurms
  6 flayed ghosts
  8 wizards
  4 bog bodies
  11 swamp dragons
  15 deep elf archers
  A glowing orange brain (shapeshifter) (Vaults:2)
  6 glowing orange brains
  2 shadow demons
  6 phantasmal warriors
  8 naga ritualists
  An iron giant skeleton (Crypt:3)
  10 orc knights
  A golden dragon skeleton (Depths:1)
  7 necromancers
  Pikel (D:6)
  28 ironbound convokers
  9 mana vipers
  3 wolf spiders
  5 will-o-the-wisps
  4 shining eyes
  39 ugly things
  4 orc sorcerers
  32 deep elf pyromancers
  27 deep elf zephyrmancers
  A wolf spider (shapeshifter) (Vaults:2)
  19 salamanders
  5 manticores
  4 oklob plants (Zot:3)
  A fire giant zombie (Depths:1)
  33 moths of wrath
  16 elephants
  An iron dragon skeleton (Crypt:3)
  10 guardian serpents
  2 human skeletons (Vaults:2)
  20 naga magi
  2 ice statues (IceCv)
  16 vault sentinels
  Joseph (D:7)
  An eye of devastation (shapeshifter) (Vaults:1)
  A molten gargoyle (Desolation)
  36 black mambas
  An orange demon (D:14)
  2 gargoyles
  3 smoke demons (D:7)
  A torpor snail (Lair:5)
  2 eyes of devastation
  18 yaktaurs
  15 cane toads
  7 komodo dragons
  2 golden dragon simulacra
  3 tengu conjurers
  A titan simulacrum (Crypt:3)
  An unseen horror (D:13)
  A kobold demonologist (D:13)
  8 rime drakes
  2 freezing wraiths (Crypt:3)
  Psyche (D:12)
  2 anaconda simulacra (IceCv)
  4 guardian mummies (Crypt:3)
  A redback zombie (Crypt:2)
  8 ice devils
  A queen bee (shapeshifter) (Elf:1)
  An efreet (D:13)
  3 red devils
  4 hellwings
  A hydra zombie (Crypt:1)
  2 sea snake skeletons
  4 trolls
  A bloated husk (Swamp:1)
  A tarantella (Lair:3)
  7 tyrant leeches
  A polar bear (shapeshifter) (D:14)
  2 polar bears
  44 saltlings (Desolation)
  17 dream sheep
  An ettin zombie (Vaults:2)
  15 hornets
  A jumping spider zombie (Crypt:3)
  A frost giant simulacrum (Depths:2)
  24 blink frogs
  2 human simulacra
  A fire giant simulacrum (Depths:2)
  62 slime creatures
  Sigmund (D:2)
  2 centaur simulacra (D:13)
  2 air elementals (Elf:3)
  A guardian serpent skeleton (Crypt:2)
  4 vampires
  3 ettin skeletons
  2 large abominations
  3 shadows
  3 water elementals
  46 yaks
  8 wraiths
  2 fire elementals
  4 wyverns
  A chaos spawn (D:7)
  A redback (shapeshifter) (D:13)
  A neqoxec (Depths:2)
  A steam dragon (shapeshifter) (Depths:1)
  4 steam dragons
  A basilisk (D:15)
  A wind drake skeleton (Crypt:3)
  2 naga zombies (Crypt:3)
  10 vampire mosquitoes
  Menkaure (D:6)
  6 wargs
  52 nagas
  3 hell hounds (D:12)
  6 swamp worms
  2 acid dragons
  A floating eye (shapeshifter) (Depths:3)
  10 water moccasins
  Duvessa (D:4)
  A hydra simulacrum (IceCv)
  A swamp dragon zombie (Crypt:3)
  30 orc warriors
  3 sky beasts
  5 black bears
  11 swamp drakes
  13 ice beasts
  8 ogres
  A dream sheep zombie (Crypt:1)
  5 centaurs
  16 wolves
  A boggart (Vaults:1)
  2 lemures
  Blork the orc (D:4)
  14 bullfrogs
  A draconian zombie (Crypt:2)
  4 kobold brigands
  A salamander zombie (Crypt:1)
  2 two-headed ogre simulacra (IceCv)
  3 scorpions
  A wyvern zombie (Crypt:1)
  An earth elemental (Elf:1)
  2 gnoll sergeants
  18 wights
  A glowing shapeshifter simulacrum (Depths:2)
  A cane toad simulacrum (IceCv)
  A wyvern skeleton (Crypt:3)
  Dowan (D:4)
  A yak zombie (Crypt:1)
  9 killer bees
  An elephant simulacrum (IceCv)
  2 electric eels (Lair:5)
  2 howler monkeys (D:8)
  4 crimson imps (D:4)
  3 lava snakes (Lair:3)
  17 jellies
  A human zombie (Crypt:3)
  33 orc priests
  3 sleepcaps
  4 iguanas
  35 orc wizards
  3 polar bear simulacra (IceCv)
  A lightning spire (Zot:4)
  A troll simulacrum (IceCv)
  A wolf simulacrum (IceCv)
  8 gnolls
  3 naga simulacra (IceCv)
  7 adders
  2 shadow imps
  22 white imps
  4 ufetubi
  3 worms
  A dart slug (D:4)
  90 orcs
  15 ball pythons
  A bat zombie (D:13)
  6 endoplasms
  3 giant cockroaches
  A gnoll zombie (Crypt:2)
  8 goblins
  4 hobgoblins
  2 jackals (D:2)
  A quokka (D:4)
  10 bats
  4 frilled lizards
  A giant cockroach zombie (Crypt:3)
  A hobgoblin zombie (Crypt:3)
  A jackal zombie (Crypt:1)
  19 kobolds
  A kobold skeleton (Crypt:2)
  A rat (D:3)
  4 rat zombies (D:13)
  A lurking horror (Swamp:4)
  A spectral weapon (Depths:2)
2483 creatures vanquished.

Vanquished Creatures (collateral kills)
  A vault warden (Vaults:1)
  A deep elf knight (Elf:2)
2 creatures vanquished.

Vanquished Creatures (others)
  The ghost of wilo the Conqueror, a master MfBe of Trog (Zot:1)
  A draconian scorcher (Zot:1)
  A peacekeeper (Vaults:4)
  A goliath frog (Swamp:3)
  A spriggan druid (Swamp:1)
  A flayed ghost (Crypt:2)
  A phantasmal warrior (Crypt:2)
  2 deep elf pyromancers
  6 bloated husks
  A spriggan (Swamp:4)
  3 vampire mosquitoes
  2 orc warriors (Depths:4)
  An ufetubus (D:13)
  A kobold (D:8)
  32 foxfires
55 creatures vanquished.

Grand Total: 2540 creatures vanquished

Notes
Turn   | Place    | Note
-------+----------+-------------------------------------------
     0 | D:1      | Oddbjorg the Formicid Reaver began the quest for the Orb.
     0 | D:1      | Reached XP level 1. HP: 16/16 MP: 3/3
   143 | D:1      | Reached XP level 2. HP: 17/23 MP: 5/5
   209 | D:1      | Reached skill level 1 in Armour
   363 | D:1      | Reached XP level 3. HP: 28/28 MP: 6/6
   903 | D:2      | Reached XP level 4. HP: 34/35 MP: 7/7
   904 | D:2      | Found a white marble altar of Elyvilon.
   981 | D:2      | Found Qinaocw Abudgh's Antique Weapon Shoppe.
  1014 | D:2      | Noticed Sigmund
  1024 | D:2      | Found Plog's Antique Weapon Shop.
  1302 | D:2      | Identified the +0 pair of boots of Boredom {rElec Int+4}
  1430 | D:2      | Found Raeplie's Magic Scroll Shop.
  1436 | D:2      | Bought a scroll of identify for 24 gold pieces
  1694 | D:2      | Found Yrolual's Weapon Shop.
  2643 | D:4      | Reached XP level 5. HP: 41/41 MP: 8/8
  2661 | D:4      | Found Caini's Weapon Shoppe.
  2688 | D:4      | Found a shimmering altar of Xom.
  2776 | D:4      | Reached XP level 6. HP: 48/48 MP: 9/9
  2888 | D:4      | Found a hide-covered altar of Uskayaw.
  2890 | D:4      | Found a sacrificial altar of Ru.
  2936 | D:4      | Noticed a sky beast
  2968 | D:4      | Killed a sky beast
  2969 | D:4      | Reached skill level 5 in Polearms
  3001 | D:4      | Reached XP level 7. HP: 46/54 MP: 10/10
  3061 | D:4      | Noticed Blork the orc
  3079 | D:4      | Killed Blork the orc
  3267 | D:2      | Bought a +0 trident of venom for 68 gold pieces
  3525 | D:4      | Found a staircase to the Ecumenical Temple.
  3536 | Temple   | Entered the Ecumenical Temple
  3724 | Temple   | Became a worshipper of Cheibriados the Contemplative
  3789 | D:4      | Noticed Duvessa
  3811 | D:4      | Killed Duvessa
  3812 | D:4      | Reached skill level 5 in Armour
  3820 | D:4      | Noticed Dowan
  3854 | D:4      | Killed Dowan
  4044 | D:5      | Entered Level 5 of the Dungeon
  4162 | D:5      | Reached skill level 1 in Necromancy
  4162 | D:5      | Reached XP level 8. HP: 56/60 MP: 11/11
  4254 | D:5      | Reached skill level 1 in Invocations
  4700 | D:6      | Noticed Pikel
  4924 | D:2      | Killed Sigmund
  5189 | D:6      | Reached * piety under Cheibriados
  5208 | D:6      | Reached XP level 9. HP: 56/59 MP: 12/12
  5308 | D:6      | Noticed Menkaure
  5317 | D:6      | Killed Menkaure
  5413 | D:7      | Reached skill level 5 in Invocations
  5554 | D:6      | Killed Pikel
  5886 | D:7      | Reached XP level 10. HP: 61/71 MP: 14/14
  5921 | D:7      | Reached ** piety under Cheibriados
  5932 | D:7      | Noticed Joseph
  5951 | D:7      | Killed Joseph
  6289 | D:7      | Found a glowing silver altar of Zin.
  6786 | D:7      | Reached *** piety under Cheibriados
  6794 | D:7      | Reached skill level 1 in Shields
  6971 | D:8      | Identified the +2 cloak "Haosogui" {Fly Int+3 Slay-2}
  7201 | D:8      | Reached XP level 11. HP: 72/74 MP: 17/17
  7263 | D:8      | Reached **** piety under Cheibriados
  7271 | D:8      | Reached skill level 10 in Armour
  7411 | D:8      | Noticed a deep elf pyromancer
  7421 | D:8      | Killed a deep elf pyromancer
  7422 | D:8      | Reached skill level 10 in Polearms
  7424 | D:8      | Reached skill level 5 in Shields
  7520 | D:8      | Noticed a deep elf pyromancer
  7533 | D:8      | Killed a deep elf pyromancer
  7576 | D:8      | Noticed a manticore
  7583 | D:8      | Killed a manticore
  7782 | D:8      | Noticed a boulder beetle
  7800 | D:8      | Killed a boulder beetle
  7928 | D:8      | Reached skill level 10 in Invocations
  8045 | D:9      | Reached ***** piety under Cheibriados
  8298 | D:9      | Reached XP level 12. HP: 76/83 MP: 19/19
  8590 | D:9      | Found a staircase to the Orcish Mines.
  8882 | D:10     | Entered Level 10 of the Dungeon
  9096 | D:10     | Noticed a two-headed ogre
  9126 | D:10     | Found a staircase to the Lair.
  9158 | Lair:1   | Entered Level 1 of the Lair of Beasts
  9173 | Lair:1   | Noticed a skyshark
  9174 | Lair:1   | Noticed croobank's ghost (journeyman OpDe)
  9182 | Lair:1   | Found a transporter.
  9399 | Lair:1   | Found a transporter.
  9560 | Lair:1   | Noticed a catoblepas
  9562 | Lair:1   | Noticed a boulder beetle
  9566 | Lair:1   | You fall into a shaft and drop 1 floor!
  9738 | Lair:2   | Reached ****** piety under Cheibriados
  9739 | Lair:2   | Reached XP level 13. HP: 76/88 MP: 21/21
  9808 | Lair:2   | Found a staircase to the Swamp.
  9859 | Lair:2   | Reached skill level 10 in Shields
  9885 | Lair:2   | Noticed BillyBaka's ghost (journeyman SpHu)
 10003 | Lair:2   | Found a runed translucent gate.
 10003 | Lair:2   | Found a runed translucent gate.
 10003 | Lair:2   | Found a runed translucent gate.
 10678 | Lair:1   | You fall into a shaft and drop 1 floor!
 11071 | Lair:1   | You fall into a shaft and drop 1 floor!
 11158 | Lair:1   | Killed a catoblepas
 11172 | Lair:1   | Found the +3 pair of seven-league boots {Rampage+∞}
 11978 | Lair:3   | Found a staircase to the Snake Pit.
 12332 | Lair:3   | Found a runed translucent door.
 12451 | Lair:4   | Reached XP level 14. HP: 92/95 MP: 23/23
 12625 | Lair:4   | Found a staircase to the Slime Pits.
 13234 | Lair:5   | Entered Level 5 of the Lair of Beasts
 14636 | Lair:5   | Reached XP level 15. HP: 100/100 MP: 25/25
 15818 | D:11     | Reached skill level 15 in Invocations
 16112 | D:11     | Reached skill level 15 in Armour
 16385 | D:11     | Got the Notes on Attacks
 16603 | D:12     | Noticed Psyche
 16606 | D:12     | Killed Psyche
 16711 | D:12     | Noticed Nessos
 16716 | D:12     | Killed Nessos
 16844 | D:12     | Found Ywouluch's Armour Boutique.
 16873 | D:12     | Bought a +2 cloak of preservation for 236 gold pieces
 16896 | D:12     | Noticed Erolcha
 16905 | D:12     | Killed Erolcha
 16976 | D:12     | Noticed Azrael
 16998 | D:12     | Killed Azrael
 17378 | Orc:1    | Entered Level 1 of the Orcish Mines
 17488 | Orc:1    | Found Vezura's Antique Weapon Emporium.
 17851 | Orc:2    | Entered Level 2 of the Orcish Mines
 17949 | Orc:2    | Found Asustueh's Antique Armour Boutique.
 18009 | Orc:2    | Found Laresm's Magic Scroll Shop.
 18038 | Orc:2    | Bought a scroll of butterflies for 60 gold pieces
 18041 | Orc:2    | Found Rynesk's Assorted Antiques.
 18508 | Orc:2    | Reached skill level 15 in Shields
 18645 | Orc:2    | Found Taibus's Armour Boutique.
 18645 | Orc:2    | Found Ydunod's Distillery.
 18646 | Orc:2    | Found Cownoutt's Distillery.
 18649 | Orc:2    | Found Azotoad's Assorted Antiques.
 18728 | Orc:2    | Bought a potion of invisibility for 104 gold pieces
 18728 | Orc:2    | Bought a potion of heal wounds for 65 gold pieces
 18730 | Orc:2    | Bought a translucent plate armour for 812 gold pieces
 18730 | Orc:2    | Identified the +5 plate armour of the Unstoppable Beds
                  | {rPois rF+ MP+9} (You bought it in a shop on level 2 of the
                  | Orcish Mines)
 18742 | Orc:2    | Bought a potion of resistance for 140 gold pieces
 18977 | Orc:2    | Found a staircase to the Elven Halls.
 19011 | Orc:2    | Reached XP level 16. HP: 104/105 MP: 27/27
 19079 | Orc:2    | Found Niuss's General Store.
 19100 | Orc:2    | Found Zalaj's Jewellery Shop.
 19561 | D:13     | Found a gate to the Vaults.
 19779 | D:13     | Found a frozen archway.
 19788 | IceCv    | Entered an ice cave
 20157 | IceCv    | Reached skill level 15 in Polearms
 20338 | IceCv    | Got Myblirph's Notes on Graupel
 20871 | D:13     | Found an ancient bone altar of Kikubaaqudgha.
 21278 | D:13     | Identified the +0 plate armour "Dafiat" {Will+ Str+3 Dex+2}
 22473 | D:15     | Entered Level 15 of the Dungeon
 22589 | D:15     | Identified the +0 quarterstaff "Joaddouk" {venom, Dex+3}
 22951 | D:15     | Found a staircase to the Depths.
 22954 | D:15     | Noticed a fire giant
 23054 | D:15     | Killed a fire giant
 23089 | D:15     | Found Gommej's General Store.
 24128 | Swamp:1  | Entered Level 1 of the Swamp
 24166 | Snake:1  | Entered Level 1 of the Snake Pit
 24176 | Snake:1  | Reached XP level 17. HP: 100/111 MP: 29/29
 24495 | Snake:1  | Noticed Aizul
 24520 | Snake:1  | Killed Aizul
 25280 | Snake:2  | Noticed Vashnia
 25315 | Snake:2  | Killed Vashnia
 25597 | Snake:2  | Noticed Frances
 25733 | Snake:2  | Noticed Mlioglotl
 25760 | Snake:2  | Killed Mlioglotl
 25769 | Snake:2  | Killed Frances
 25789 | Snake:2  | Noticed Donald
 25795 | Snake:2  | Killed Donald
 26934 | Snake:3  | Found Afrofed's Distillery.
 26936 | Snake:3  | Found Sorytt's Weapon Shop.
 26939 | Snake:3  | Found Uco Mun's Book Shop.
 26940 | Snake:3  | Found Veotuul's Magic Scroll Shop.
 26957 | Snake:3  | Bought a scroll of fear for 52 gold pieces
 26961 | Snake:3  | Bought a potion of heal wounds for 75 gold pieces
 27076 | Snake:3  | Reached XP level 18. HP: 116/118 MP: 31/31
 28315 | Snake:4  | Entered Level 4 of the Snake Pit
 29618 | Snake:4  | Reached XP level 19. HP: 115/123 MP: 32/32
 29730 | Snake:4  | Got a serpentine rune of Zot
 30097 | Swamp:1  | Identified a scroll of acquirement
 30098 | Swamp:1  | Acquired the +3 bardiche "Riff" {freeze, Fly rPois rN++
                  | Will-}
 30834 | Swamp:2  | Identified the +7 long sword "Yluyd" {drain, Fly rPois
                  | rC+++ Int-4}
 31351 | Swamp:3  | Reached XP level 20. HP: 129/129 MP: 33/33
 31531 | Swamp:3  | Identified the ring of Plog {EV+5 Int+5 Slay-3}
 31872 | Swamp:3  | Identified the staff of death "Mob Siq" {rC++ rN+ Will-}
 32106 | Swamp:4  | Entered Level 4 of the Swamp
 32714 | Swamp:4  | Got a decaying rune of Zot
 32895 | Swamp:4  | Found a one-way gate to the infinite horrors of the Abyss.
 32900 | Swamp:4  | Found a corrupted altar of Lugonu.
 33291 | Swamp:4  | Identified the +0 chain mail "Ywkof" {-Tele rF+ SInv}
 33555 | Lair:1   | Killed croobank's ghost
 33591 | Lair:1   | Reached XP level 21. HP: 125/135 MP: 35/35
 33747 | Vaults:1 | Entered Level 1 of the Vaults
 33870 | Vaults:1 | Reached skill level 1 in Evocations
 34060 | Orc:2    | Bought a scroll of enchant weapon for 112 gold pieces
 34838 | Vaults:1 | Reached skill level 5 in Fighting
 35161 | Vaults:1 | Found Ten Qedducka's Weapon Emporium.
 35367 | Vaults:2 | Found a crumbling gateway.
 35383 | Desolati | Entered the Desolation of Salt
 35652 | Desolati | Identified the +3 war axe "Qecyapte" {heavy, rPois Will+
                  | MP+9 Stlth+}
 35656 | Desolati | Got the Grimoire of the Viperous Deep Freeze
 35657 | Desolati | Identified the ring "Ingoewui" {rF+ AC+4}
 35804 | Desolati | Identified the +4 great sword of Jiskur {freeze, rElec rF+}
 35930 | Desolati | Identified the +7 shortbow of Wemothreo {freeze, rC+++
                  | Str+4}
 35931 | Desolati | Identified the amulet "Gaxyav" {Reflect Str+5 SH+5}
 35942 | Desolati | Got the Parchment of the Jaunt
 35947 | Desolati | Identified the amulet "Wustraah" {Faith rElec rPois Str+6
                  | Stlth+}
 36259 | Vaults:2 | Reached XP level 22. HP: 111/151 MP: 36/36
 38348 | Vaults:3 | Noticed Mennas
 38424 | Vaults:3 | Found Dastroef's General Store.
 38512 | Vaults:3 | Identified the +1 dagger of the Invisible Beds {freeze,
                  | Str+5 Int+3}
 38541 | Vaults:3 | Killed Mennas
 38923 | Vaults:3 | Found a staircase to the Crypt.
 39691 | Vaults:3 | Reached XP level 23. HP: 163/163 MP: 37/37
 39714 | Vaults:3 | Acquired 554 gold pieces
 40630 | Vaults:4 | Reached skill level 10 in Fighting
 40770 | Vaults:4 | Acquired 918 gold pieces
 41899 | Elf:1    | Entered Level 1 of the Elven Halls
 42177 | Elf:1    | Found Oggel's Weapon Emporium.
 42220 | Elf:1    | Found a flickering gateway to a bazaar.
 42229 | Bazaar   | Entered a bazaar
 42229 | Bazaar   | Found Uqifoeh's Antique Weapon Shoppe.
 42229 | Bazaar   | Found Geywuij's Jewellery Emporium.
 42234 | Bazaar   | Found Ylywk's Antique Weapon Emporium.
 42247 | Bazaar   | Found Deares's Antique Armour Shoppe.
 42269 | Bazaar   | Bought the +8 trishula "Condemnation" {holy, anguish,
                  | *Noise Fly rN+} for 2145 gold pieces
 42269 | Bazaar   | Found the +8 trishula "Condemnation" {holy, anguish, *Noise
                  | Fly rN+}
 42862 | Elf:1    | Found Nounom's General Store.
 43210 | Elf:2    | Reached XP level 24. HP: 101/172 MP: 37/38
 43570 | Elf:2    | Found a runed translucent gate.
 43570 | Elf:2    | Found a runed translucent gate.
 43570 | Elf:2    | Found a runed translucent gate.
 44518 | Elf:3    | Entered Level 3 of the Elven Halls
 45558 | Elf:3    | Identified the +2 leather armour of Mihegize {Int+6}
 45591 | Elf:3    | Got the Monograph on the Pestilent Graveyard
 45597 | Elf:3    | Identified the +1 falchion of Ciedghaq {freeze, Contam MP-9
                  | Dex+8}
 45607 | Elf:3    | Identified the +0 scale mail of the Slorg {Will+ Slay+2}
 45659 | Elf:3    | Identified the staff of air "Foxuh" {rElec rC+ Dex+2}
 46152 | Crypt:1  | Entered Level 1 of the Crypt
 47338 | Crypt:2  | Noticed Jory
 47342 | Crypt:2  | Noticed Sojobo
 47351 | Crypt:2  | Killed Jory
 47359 | Crypt:2  | Killed Sojobo
 47360 | Crypt:2  | Reached XP level 25. HP: 91/186 MP: 23/38
 48043 | Crypt:3  | Entered Level 3 of the Crypt
 48049 | Crypt:3  | Found a staircase to the Tomb.
 48282 | Crypt:3  | Noticed Zenata
 48296 | Crypt:3  | Killed Zenata
 48752 | Crypt:3  | Found a basalt altar of Yredelemnul.
 49362 | Crypt:3  | Noticed a royal mummy
 49376 | Crypt:3  | Killed a royal mummy
 49430 | Crypt:3  | Identified the ring "Idusch" {rElec rN+ Str+6}
 49590 | Crypt:3  | Found an ancient bone altar of Kikubaaqudgha.
 49594 | Crypt:3  | Found a basalt altar of Yredelemnul.
 49628 | Crypt:3  | Identified the amulet of Resiag {Regen+ Dex+3}
 49687 | Crypt:3  | Got the Notes on Glowing Power
 50087 | Lair:2   | Killed BillyBaka's ghost
 50207 | Lair:3   | Found a runed translucent gate.
 50207 | Lair:3   | Found a runed translucent gate.
 50207 | Lair:3   | Found a runed translucent gate.
 50207 | Lair:3   | Found a runed translucent gate.
 50207 | Lair:3   | Found a runed translucent gate.
 50208 | Lair:3   | Found a runed translucent gate.
 50240 | Lair:3   | Identified the ring of Kaimmew {rF+ rC- Int+2 Dex+7 SInv}
 50453 | Depths:1 | Entered Level 1 of the Depths
 50716 | Depths:1 | Noticed the Enchantress
 50734 | Depths:1 | Killed the Enchantress
 50861 | Depths:1 | Found a magical portal.
 50865 | WizLab   | Entered Wucad Mu's Monastery
 51003 | WizLab   | Found the crystal ball of Wucad Mu {*channel}
 51169 | WizLab   | Reached XP level 26. HP: 182/185 MP: 36/39
 51697 | Depths:1 | Identified the +2 leather armour "Rigruru" {+Inv rF+ rC+
                  | MP+9 Int-2}
 51950 | Depths:1 | Found a gateway to Hell.
 52349 | Depths:2 | Found a shimmering blue altar of Sif Muna.
 52387 | Depths:2 | Reached XP level 27. HP: 206/206 MP: 39/39
 52387 | Depths:2 | Gained mutation: Your spells are a little easier to cast,
                  | but a little less powerful. [a neqoxec]
 52397 | Depths:2 | Found a one-way gate leading to the halls of Pandemonium.
 52633 | Depths:2 | Noticed Asterion
 52643 | Depths:2 | Killed Asterion
 52688 | Depths:2 | Reached skill level 15 in Fighting
 52746 | Depths:2 | Identified the ring "Qoven" {Ice Int+6}
 52746 | Depths:2 | Noticed Josephina
 52755 | Depths:2 | Killed Josephina
 52970 | Depths:2 | Found the +8 storm bow {elec, penet}
 53037 | Depths:2 | Found a one-way gateway to a ziggurat.
 53426 | Depths:2 | Found Idoa's Book Shoppe.
 53426 | Depths:2 | Found Wofuump's Jewellery Shop.
 53427 | Depths:2 | Found Etoujety's Jewellery Shop.
 53840 | Depths:3 | Noticed Boris
 53859 | Depths:3 | Killed Boris
 54034 | Depths:3 | Noticed Mara
 54042 | Depths:3 | Noticed Oddbjorg's illusion
 54042 | Depths:3 | Killed Mara
 54142 | Depths:3 | Identified the ring "Vext" {rElec AC+4}
 55303 | Depths:4 | Entered Level 4 of the Depths
 55947 | Depths:4 | Noticed Saint Roka
 56744 | Depths:4 | Killed Saint Roka
 56936 | Depths:4 | Found Jezoujia's Demolitions Depot.
 56937 | Depths:4 | Found a corrupted altar of Lugonu.
 57524 | Depths:4 | Found a gate to the Realm of Zot.
 57527 | Depths:4 | Identified the +3 fire dragon scales "Moetepte" {rElec rF++
                  | rC- Str-5 SInv}
 57532 | Depths:4 | Identified the +1 leather armour of the Volcano {Regen+
                  | Int+2}
 57908 | Vaults:3 | Bought a scroll of enchant armour for 82 gold pieces
 57908 | Vaults:3 | Bought a scroll of enchant weapon for 82 gold pieces
 58157 | Slime:1  | Entered Level 1 of the Pits of Slime
 58597 | Slime:2  | Gained mutation: Your spells are easier to cast, but less
                  | powerful. [a shining eye]
 58693 | Slime:5  | Entered Level 5 of the Pits of Slime
 58851 | Slime:5  | Found a viscous altar of Jiyva.
 58930 | Slime:5  | Noticed the Royal Jelly
 58938 | Slime:5  | Killed the Royal Jelly
 59149 | Slime:5  | Got a slimy rune of Zot
 59647 | Zot:1    | Entered Level 1 of the Realm of Zot
 60594 | Zot:1    | Reached skill level 27 in Shields
 60847 | Zot:1    | Found a runed translucent gate.
 60847 | Zot:1    | Found a runed translucent gate.
 60848 | Zot:1    | Found a runed translucent gate.
 60848 | Zot:1    | Found an ancient bone altar of Kikubaaqudgha.
 60848 | Zot:1    | Noticed an ancient lich
 60848 | Zot:1    | Noticed wilo's ghost (master MfBe)
 60848 | Zot:1    | Noticed a dread lich
 60848 | Zot:1    | Noticed a dread lich
 60848 | Zot:1    | Noticed Gadrel's ghost (legendary OpSu)
 60928 | Zot:1    | Identified the staff of death "Naevyib" {rElec rF- rN+
                  | rCorr}
 61056 | Zot:1    | Killed a dread lich
 61058 | Zot:1    | Killed a dread lich
 61084 | Zot:1    | Killed wilo's ghost
 61091 | Zot:1    | Killed an ancient lich
 61114 | Zot:1    | Killed Gadrel's ghost
 61134 | Zot:1    | Identified the +1 pair of gloves of Compassion {rC++}
 61149 | Zot:1    | Identified the ring "Watuyll" {EV+5 Str+3}
 63022 | Zot:2    | Identified the ring "Ygull" {Fire rN+}
 63948 | Zot:2    | Noticed a Killer Klown
 63962 | Zot:2    | Killed a Killer Klown
 64799 | Zot:3    | Reached skill level 27 in Invocations
 66785 | Zot:4    | Noticed Karoneja's ghost (adept MeHs)
 66959 | Zot:4    | Found a runed translucent door.
 67270 | Zot:4    | Killed Karoneja's ghost
 68093 | Zot:5    | Entered Level 5 of the Realm of Zot
 68570 | Zot:5    | Noticed an ancient lich
 68576 | Zot:5    | Killed an ancient lich
 68596 | Zot:5    | Reached skill level 27 in Armour
 68723 | Zot:5    | Noticed a Killer Klown
 68741 | Zot:5    | Killed a Killer Klown
 68779 | Zot:5    | Noticed an orb of fire
 68786 | Zot:5    | Killed an orb of fire
 68847 | Zot:5    | Noticed an orb of fire
 68847 | Zot:5    | Noticed an orb of fire
 68849 | Zot:5    | Noticed a Killer Klown
 68853 | Zot:5    | Killed an orb of fire
 68857 | Zot:5    | Gained mutation: You occasionally lose the ability to drink
                  | potions when taking damage. [an orb of fire]
 68858 | Zot:5    | Killed an orb of fire
 68863 | Zot:5    | Killed a Killer Klown
 68863 | Zot:5    | Noticed an orb of fire
 68865 | Zot:5    | Noticed a Killer Klown
 68865 | Zot:5    | Noticed a Killer Klown
 68865 | Zot:5    | Noticed a Killer Klown
 68870 | Zot:5    | Noticed a Killer Klown
 68870 | Zot:5    | Killed an orb of fire
 68871 | Zot:5    | Killed a Killer Klown
 68871 | Zot:5    | Noticed a Killer Klown
 68877 | Zot:5    | Noticed a Killer Klown
 68882 | Zot:5    | Killed a Killer Klown
 68938 | Zot:5    | Killed a Killer Klown
 68941 | Zot:5    | Killed a Killer Klown
 68949 | Zot:5    | Killed a Killer Klown
 69410 | Zot:5    | Noticed a Killer Klown
 69414 | Zot:5    | Killed a Killer Klown
 69611 | Zot:5    | Killed a Killer Klown
 70041 | Zot:5    | Got the Orb of Zot
 70891 | D:$      | Escaped with the Orb!

Illustrated notes

Levels and vault maps discovered:
D:1:      psy_arrival_terrarium, layout_loops_ring
D:2:      layout_basic, serial_shops, nicolae_shop_behind_doors, shop,
          nicolae_shop_crystal, shop, basic_altar, serial_aquarium,
          aquarium_bridge_long_separate [aquarium_subvault_bridge,
          aquarium_subvault_window, aquarium_subvault_wall,
          aquarium_subvault_bridge, aquarium_subvault_wall,
          aquarium_subvault_wall], aquarium_window_fake, aquarium_window_1,
          aquarium_view_2b, aquarium_view_2c, aquarium_balcony_3b,
          aquarium_pool_four, uniq_sigmund
D:3:      layout_basic, serial_curves, eino_curves_02, eino_curves_01,
          eino_curves_02
D:4:      layout_basic, led_xom_imps, mainiacjoe_overflow_catwalk_spiral,
          minmay_temple_entry_poolview, serial_shops, shop, uniq_duvessa,
          uniq_blork_the_orc
D:5:      layout_cave_pools
D:6:      layout_basic, serial_bayou_pond_e, uniq_menkaure, uniq_pikel
D:7:      layout_gridville, zin_statuary, grunt_potential, uniq_joseph
D:8:      minmay_quarter_circles, layout_rooms, grunt_ministairs_2
D:9:      layout_cave_pools, david_orc_3
D:10:     layout_cave_pools, hellmonk_lair_entry_icy, serial_column_ruins,
          column_ruins_hut_ruined, column_ruins_grid_1, column_ruins_open_tiny,
          column_ruins_grid_3, column_ruins_open_medium
D:11:     layout_long_grid
D:12:     layout_cave_pools, serial_shops, shop, uniq_nessos, uniq_erolcha,
          uniq_azrael, uniq_psyche
D:13:     minmay_big_diamond_grid, layout_basic, erik_vaults_1, serial_ice,
          serial_ice_c, serial_ice_h, serial_ice_n, serial_ice_m,
          portal_ice_cave_entry_imps, lemuel_zombie_altar_kikubaaqudgha
D:14:     layout_small_grid, minmay_tree_intersection, minivault_22
D:15:     grunt_enter_depths_giant_problem, layout_cave_pods, serial_shops,
          shop, minmay_crystal_water
Temple:   eino_narrow_crystal_temple
Lair:1:   layout_concentric_octagons, nzn_ghost_randoct,
          hellmonk_guarded_unrand_seven_league_boots
Lair:2:   layout_gridlike, swamp_mist, ebering_ghost_rock_garden
Lair:3:   gammafunk_indiana_jones, layout_gridlike, guppyfry_snake_entry_island,
          patterned_corridor
Lair:4:   layout_roguey, slime_entry_1, serial_rivers,
          chequers_serial_rivers_large_a, chequers_serial_rivers_micro_b,
          chequers_serial_rivers_micro_e, chequers_serial_rivers_micro_c,
          chequers_serial_rivers_micro_d, infiniplex_staircase_pool_2
Lair:5:   grunt_lair_end_beastmaster, layout_cave_pods,
          infiniplex_staircase_pool, serial_bayou_shore_a
Swamp:1:  layout_basic_swamp, evilmike_swamp_ruin_house_4, swamp_pool3
Swamp:2:  layout_basic_swamp, evilmike_swamp_ruin_rubble_2
Swamp:3:  cheibrodos_swamp_heart_of_darkness, layout_basic_swamp,
          nicolae_swamp_tree_designs, swamp_pool5
Swamp:4:  swamp_alternative, layout_basic_swamp, swamp_pool1,
          amcnicky_altar_lugonu_corruption
Snake:1:  layout_onion, nicolae_triple_integral, uniq_aizul
Snake:2:  layout_layer_cave, uniq_mlioglotl, uniq_vashnia, uniq_donald,
          uniq_frances
Snake:3:  nicolae_snake_shooting_gallery, layout_chambers,
          serial_bayou_lagoon_a, minmay_shop_grid_forest
Snake:4:  snake_pit, layout_onion_interference, grunt_ministairs_2,
          grunt_megastairs_2
Slime:1:  layout_caves
Slime:2:  layout_caves
Slime:3:  layout_caves
Slime:4:  cheibrodos_slime_lost_civilization_3, layout_caves
Slime:5
Orc:1:    nicolae_orc_accident_3, layout_caves, serial_shops,
          nicolae_shop_waterfront, basic_altar
Orc:2:    st_orc_mages, layout_caves, serial_shops, nicolae_shop_trees, shop,
          shop, shop, shop
Elf:1:    eino_elf_arrival_the_gate, layout_geoelf_grid, serial_shops,
          bzr_entry_customers, nicolae_square_shop, shop,
          hangedman_elf_represent
Elf:2:    elven_hall_of_blades_hangedman_original [nicolae_blade_bullseye],
          layout_loops_corners, eino_tiny_chamber
Elf:3:    minmay_elf_hall_dome, layout_geoelf_grid
Vaults:1: st_eye, nicolae_vaults_little_squares_4,
          nicolae_vaults_stairing_the_circle, ontoclasm_vaults_twist,
          nicolae_vaults_storage_closets_2, vaults_dpeg_ring,
          nicolae_vaults_little_squares_1, hangedman_vaults_stitches,
          nicolae_vaults_little_squares_4, nicolae_vaults_tetromino_L_2,
          ontoclasm_vaults_gateway, nicolae_vaults_taking_the_gang_shopping,
          layout_vaults_ring
Vaults:2: portal_desolation_entry_twin_temple, st_octagons_2,
          nicolae_vaults_double_plus_3, v_alt_pattern_4, v_misc_27, v_misc_22,
          vaults_mumra_hex, nicolae_vaults_weapon_check,
          nicolae_vaults_closet_pinwheel_6, layout_vaults_chaotic_city
Vaults:3: v_pattern_2, hangedman_vaults_locks, vaults_mumra_minichess_inversion,
          hangedman_vaults_trim, nicolae_vaults_yaktaur_gun_rack,
          nicolae_vaults_storage_closets_3, nicolae_vaults_prndl,
          nicolae_vaults_trapezoid_3, dpeg_vaults_hating_casters,
          minmay_crypt_entry_simple_sparse, nicolae_vaults_angled_halls,
          layout_vaults_quadrants, serial_shops,
          nicolae_shop_tiny_statue_garden, uniq_mennas
Vaults:4: nicolae_vaults_house_1, nicolae_vaults_turnstiles,
          vaults_room_stairs_pillars, ontoclasm_vaults_chip,
          nicolae_vaults_circle_grid_b, nicolae_vaults_network_barrier,
          ontoclasm_vaults_decontamination, v_misc_8,
          nicolae_vaults_more_shelving_1, nicolae_vaults_specimen_jars,
          nicolae_vaults_double_plus_1, nicolae_vaults_sesquioval_fish,
          nicolae_vaults_little_squares_5, v_misc_27, layout_vaults_omnicross
Crypt:1:  layout_regular_city, st_stairs_13
Crypt:2:  layout_regular_city, roderic_lattice_octagonal_star, uniq_jory,
          uniq_sojobo
Crypt:3:  lightli_unholy_cathedral, layout_chaotic_city,
          lemuel_mausoleum_altar_yredelemnul, uniq_zenata
Depths:1: layout_forbidden_donut, pf_coc_iceberg, mu_enter_wizlab_7,
          abyss_entry_glasseish, wad_scary_box, uniq_enchantress
Depths:2: minmay_shoctagon, layout_basic, enter_ziggurat_d,
          nicolae_sif_muna_condensation, grunt_metal_band,
          grunt_pan_entry_zigzag, abyss_entry, st_stairs_13, minmay_shop_grove,
          uniq_josephina, uniq_asterion
Depths:3: minmay_the_grid_square_5x5_4x4 [minmay_the_grid_square_5x5_three,
          minmay_the_grid_square_5x5_six_small,
          minmay_the_grid_square_5x5_fancy_junction,
          minmay_the_grid_square_5x5_two_walls_b,
          minmay_the_grid_square_5x5_bite,
          minmay_the_grid_square_5x5_prize_gold,
          minmay_the_grid_square_5x5_prize_deathbox,
          minmay_the_grid_square_5x5_pentomino_r,
          minmay_the_grid_square_5x5_broken_cross,
          minmay_the_grid_square_5x5_prize_itemx,
          minmay_the_grid_square_5x5_prize_open,
          minmay_the_grid_square_5x5_hourglass,
          minmay_the_grid_square_5x5_lines, minmay_the_grid_square_5x5_fat_x,
          minmay_the_grid_square_5x5_checkered,
          minmay_the_grid_square_5x5_slash], layout_cave_shapes, abyss_entry,
          rand_demon_pan_entry_5, hell_entry,
          infiniplex_staircase_split_hallway, uniq_boris, uniq_mara
Depths:4: lemuel_castle_with_subvaults [lemuel_castle_interior_carwin_3],
          layout_gridville, abyss_entry_flame_altar, hell_entry,
          nicolae_blasting_shop, uniq_saint_roka
Zot:1:    layout_basic, gammafunk_ghost_crypt, st_stairs_5,
          st_large_dragon_hoard_2
Zot:2:    cheibrodos_zot_enchanting_chambers, layout_basic, evilmike_ambush
          [evilmike_ambush_outer_basic, evilmike_ambush_inner_basic],
          grunt_megastairs_3
Zot:3:    lemuel_acid_trip, layout_onion_interference, st_single_dragon_hoard_3,
          st_stairs_12, grunt_ministairs_12
Zot:4:    kennysheep_bubbly, layout_misc_corridors,
          hellmonk_ghost_happy_afterlife, grunt_ministairs_10,
          amethyst_zot_foddershock
Zot:5:    layout_gridlike

Skill      XL: |  1  2  3  4  5  6  7  8  9 10 11 12 13 14 15 16 17 18 19 20 21 22 23 24 25 26 27 |
---------------+----------------------------------------------------------------------------------+-----
Armour         | 1 2 3 4 5 6 8 9 11 12 13 14 15 16 17 18 19 20 21 22 23 27 | 27.0
Fighting       | 3 4 7 9 11 12 14 24 | 24.0
Polearms       | 4 5 6 8 9 10 11 12 13 14 15 16 17 18 19 20 21 26 | 26.4
Necromancy     | 1 3 |  3.0
Invocations    | 3 6 8 10 11 13 14 15 17 18 19 20 21 22 23 24 27 | 27.0
Shields        | 3 7 9 11 13 15 16 17 19 20 21 22 23 24 25 27 | 27.0
Evocations     | 1 |  1.0
Dodging        | |  1.7
Spellcasting   | |  2.1
Conjurations   | |  2.6

Action                     |  1- 3 |  4- 6 |  7- 9 | 10-12 | 13-15 | 16-18 | 19-21 | 22-24 | 25-27 || total
---------------------------+-------+-------+-------+-------+-------+-------+-------+-------+-------++-------
  Melee: Spear             |   108 |   290 |    45 |       |       |       |       |       |       ||   443
         Punch             |     1 |     2 |     1 |       |       |       |       |       |       ||     4
         Trident           |       |       |   212 |   885 |  1929 |  1401 |   120 |       |       ||  4547
         Glaive            |       |       |       |       |       |  1086 |   671 |       |       ||  1757
         Bardiche          |       |       |       |       |       |       |   449 |  1212 |  2707 ||  4368
         Trishula          |       |       |       |       |       |       |       |   120 |   425 ||   545
  Throw: Dart              |       |     2 |       |       |       |     6 |       |       |       ||     8
 Invoke: Bend Time         |       |       |     1 |     2 |       |       |       |       |       ||     3
         Step From Time    |       |       |       |       |     3 |     2 |     3 |       |     6 ||    14
         Slouch            |       |       |       |       |     7 |     4 |    14 |    15 |    23 ||    63
         Temporal Distorti |       |       |       |       |       |     1 |     1 |       |     2 ||     4
Ability: Dig               |       |       |     2 |     4 |    12 |    22 |       |     5 |    17 ||    62
         Shaft Self        |       |       |       |     1 |     1 |       |       |       |       ||     2
  Evoke: Wand              |       |       |     1 |     6 |    16 |    15 |     4 |     1 |     7 ||    50
         Phantom mirror    |       |       |       |       |       |       |     2 |     1 |     3 ||     6
         Phial of floods   |       |       |       |       |       |       |     2 |       |       ||     2
    Use: Scroll            |       |     4 |     5 |     2 |     7 |    11 |    15 |     5 |    23 ||    72
         Potion            |       |       |     1 |     1 |     3 |     7 |     2 |     7 |    11 ||    32
   Stab: Invisible         |       |       |     1 |     8 |    32 |    18 |     5 |     1 |     1 ||    66
         Distracted        |       |       |       |       |     1 |       |     1 |     1 |     1 ||     4
 Armour: Chain mail        |    41 |   114 |   106 |   128 |    68 |    51 |       |       |       ||   508
         Plate armour      |       |       |       |   144 |   452 |   622 |   507 |   259 |   361 ||  2345
         Gold dragon scale |       |       |       |       |       |       |       |       |   445 ||   445
  Dodge: Dodged            |    36 |    78 |    72 |   231 |   384 |   405 |   267 |   174 |   379 ||  2026
  Block: Buckler           |       |       |       |   170 |   490 |   282 |       |       |       ||   942
         Kite shield       |       |       |       |       |       |   184 |       |       |       ||   184
         Tower shield      |       |       |       |       |       |  1148 |  1469 |  1404 |  2806 ||  6827
         Reflection        |       |       |       |       |       |       |       |   157 |    81 ||   238
